 Dungeon Crawl Stone Soup version 0.30.1-9-gdf580d7c3d (webtiles) character file.

Game seed: 17396164722468561013

7 coolio the Conjurer (level 1, 0/11 HPs)
             Began as a Demonspawn Conjurer on Oct 12, 2023.
             Succumbed to an adder's poison
             ... on level 2 of the Dungeon.
             The game lasted 00:01:38 (988 turns).

coolio the Conjurer (Demonspawn Conjurer)            Turns: 988, Time: 00:01:38

Health: 0/11       AC:  3    Str:  6 (7)  XL:     1   Next: 83%
Magic:  1/3        EV: 11    Int: 16 (19) God:
Gold:   42         SH:  0    Dex:  8 (11) Spells: 3/4 levels left

rFire   . . .        (no weapon)
rCold   . . .        (no shield)
rNeg    . . .        a - +0 robe
rPois   .            (no helmet)
rElec   .            (no cloak)
rCorr   .            (no gloves)
SInv    .            d - +0 pair of boots
Will    .....        (no amulet)
Stlth   ++           (no ring)
HPRegen 0.21/turn    (no ring)
MPRegen 0.08/turn

%: no passive effects
@: lethally poisoned (0 -> -2)
A: camouflage 1, frail 1, wild magic 1, inability to read after injury 1
a: no special abilities


You were on level 2 of the Dungeon.
You visited 1 branch of the dungeon, and saw 2 of its levels.

You collected 42 gold pieces.

Inventory:

Armour
 a - a +0 robe (worn)
 d - a +0 pair of boots (worn)
Jewellery
 f - a ring of poison resistance
 h - a ring of resist corrosion
Scrolls
 e - a scroll of fear {unknown}
 g - 3 scrolls of identify {unknown}
 j - a scroll of enchant armour {unknown}
 k - a scroll of enchant weapon {unknown}


   Skills:
 + Level 1.9 Dodging
 - Level 1.7 Stealth
 + Level 2.1 Spellcasting
 * Level 4.2 Conjurations


You had 3 spell levels left.
You knew the following spells:

 Your Spells              Type           Power      Damage    Failure   Level
a - Magic Dart            Conj           76%        1d6       6%          1

Your spell library contained the following spells:

 Spells                   Type           Power      Damage    Failure   Level
 Searing Ray              Conj           38%        2d5       9%          2
 Dazzling Flash           Conj/Hex       20%        N/A       34%         3
 Fulminant Prism          Conj/Hex       5%         3d7       73%         4
 Iskenderun's Mystic Bla  Conj/Tloc      10%        2d4       73%         4


Dungeon Overview and Level Annotations

Branches:
Dungeon (2/15)

Altars:

Shops:
D:1 ([*[*


Innate Abilities, Weirdness & Mutations

Your skin changes colour to match your surroundings (Stealth+).
You are frail. (-10% HP)
Your spells are a little harder to cast, but a little more powerful.
You occasionally lose the ability to read scrolls when taking damage.


Message History

You are out of magic!
You are out of magic!
You are out of magic!
You are out of magic!
You feel sick. The adder bites you.
You are lethally poisoned!
The adder poisons you! The adder attacks as you move away!
The adder barely misses you.
You feel sick.
It was a potion of degeneration.
There was something very wrong with that liquid.
You feel weakened.
You feel dopey.
You feel clumsy.
* * * LOW HITPOINT WARNING * * *
You feel sick. The adder closely misses you.
Okay, then.
It was a potion of mutation.
You feel extremely strange.
You occasionally lose the ability to read scrolls when taking damage.
Your skin functions as natural camouflage.
You feel frail.
You feel less in control of your magic.
* * * LOW HITPOINT WARNING * * *
You feel sick.
The adder bites you but does no damage. x2
Magic courses through your body.
* * * LOW HITPOINT WARNING * * *
You feel sick. The adder bites you but does no damage.
Casting: Magic Dart (safe; 6% risk of failure)
Confirm with . or Enter, or press ? or * to list all spells.
Aiming: Magic Dart (safe; 6% risk of failure)
Press: ? - help, Shift-Dir - straight line, f/p - adder
Aim: an adder (almost dead, 100% to hit)
The magic dart hits the adder.
The adder is almost dead.
* * * LOW HITPOINT WARNING * * *
You feel sick. The adder misses you.
Casting: Magic Dart (safe; 6% risk of failure)
Confirm with . or Enter, or press ? or * to list all spells.
Aiming: Magic Dart (safe; 6% risk of failure)
Press: ? - help, Shift-Dir - straight line, f/p - adder
Aim: an adder (almost dead, 100% to hit)
The magic dart hits the adder.
You kill the adder!
You die...

#..########.##.########
#...........##.#
##.###########.# #.#
#.# #.# #.# #.# .# #.##
#.#.##### #.###.†@.# ##
#.###.# #.# .# ## .# ..
##


There were no monsters in sight!

Vanquished Creatures
  An adder (D:2)
  2 goblins (D:1)
  2 hobgoblins (D:1)
  2 rats (D:1)
7 creatures vanquished.

Notes
Turn   | Place    | Note
-------+----------+-------------------------------------------
     0 | D:1      | coolio the Demonspawn Conjurer began the quest for the Orb.
     0 | D:1      | Reached XP level 1. HP: 13/13 MP: 3/3
   115 | D:1      | Found Vimopu Zadi's Armour Shoppe.
   169 | D:1      | Found Muanir's Assorted Antiques.
   231 | D:1      | Found Kel Jakk's Armour Shoppe.
   485 | D:1      | Found Reopho Cyat's Assorted Antiques.
   787 | D:1      | Found Ragy's Antique Weapon Shoppe.
   985 | D:2      | Gained mutation: You occasionally lose the ability to read
                  | scrolls when taking damage. [potion of mutation]
   985 | D:2      | Gained mutation: Your skin changes colour to match your
                  | surroundings (Stealth+). [potion of mutation]
   985 | D:2      | Gained mutation: You are frail. (-10% HP) [potion of
                  | mutation]
   985 | D:2      | Gained mutation: Your spells are a little harder to cast,
                  | but a little more powerful. [potion of mutation]
   988 | D:2      | Succumbed to an adder's poison

Illustrated notes

Levels and vault maps discovered:
D:1:      mrwooster_arrival_arrow, layout_basic, serial_shops, shop,
          nicolae_shop_advertising_works [nicolae_subvault_shop_adworks],
          nicolae_shop_stone, nicolae_shop_tiny_waterfront,
          nicolae_shop_behind_doors
D:2:      layout_loops_ring, ebering_ecumenical_altar_abandoned,
          minmay_statues_item

Action                     || total
---------------------------++-------
   Cast: Magic Dart        ||    15
    Use: Potion            ||     3
 Armour: Robe              ||     4
  Dodge: Dodged            ||     4
